 Dungeon Crawl Stone Soup version 0.25.0-9-g26727b657a (webtiles) character file.

Game seed: 16482269925613661532

800 Breghan the Sneak (level 7, 0/69 HPs)
             Began as an Octopode Wanderer on June 19, 2020.
             Was a Believer of Trog.
             Slain by a gnoll
             ... wielding a +0 halberd
              (14 damage)
             ... on level 5 of the Dungeon.
             The game lasted 00:51:11 (5269 turns).

Breghan the Sneak (Octopode Wanderer)               Turns: 5269, Time: 00:51:14

Health: 0/69       AC:  1    Str: 16    XL:     7   Next: 90%
Magic:  7/7        EV: 15    Int: 13    God:    Trog [**....]
Gold:   193        SH:  5    Dex: 16    Spells: 6/6 levels left

rFire    . . .     SeeInvis .   a - +0 morningstar
rCold    . . .     Gourm    .   (no shield)
rNeg     + . .     Faith    .   (helmet restricted)
rPois    .         Spirit   .   A - amulet of reflection
rElec    .         Reflect  +   n - +6 ring of strength
rCorr    .         Harm     .   c - ring of positive energy
MR       .....                  (no ring)
Stlth    ..........             (no ring)
HPRegen  0.21/turn              (no ring)
MPRegen  0.10/turn              (no ring)
                                (no ring)
                                (no ring)

@: berserking, very quick
A: almost no armour, stealthy swim, amphibious, 8 rings, constrict 8, camouflage
1, gelatinous body 1
a: Berserk, Trog's Hand, Renounce Religion


You were on level 5 of the Dungeon.
You worshipped Trog.
Trog was pleased with you.
You were near starving.

You visited 1 branch of the dungeon, and saw 5 of its levels.

You collected 193 gold pieces.

Inventory:

Hand Weapons
 a - a +0 morningstar (weapon)
 b - a +0 hunting sling
Missiles
 i - 167 stones
 m - 24 poisoned darts (quivered)
 o - 19 sling bullets
 u - 25 arrows
 x - 7 curare-tipped darts
 z - 49 bolts
 D - 7 atropa-tipped darts
Jewellery
 c - a ring of positive energy (right tentacle)
 n - a +6 ring of strength (left tentacle)
 q - an uncursed amulet of regeneration
 A - an amulet of reflection (around mantle)
Wands
 s - a wand of iceblast (6)
 w - a wand of polymorph (13)
 F - a wand of flame (22)
Scrolls
 f - 3 scrolls of blinking
 h - 2 scrolls of remove curse
 j - a scroll of enchant armour
 k - 2 scrolls of fear
 l - 2 scrolls of immolation
 t - a scroll of fog
 y - a scroll of noise {unknown}
 C - 3 scrolls of teleportation
Potions
 e - 7 potions of curing
 r - 2 potions of flight
 v - a potion of brilliance {unknown}
 B - a potion of stabbing {unknown}
 E - a potion of magic {unknown}
Comestibles
 d - 5 rations


   Skills:
 + Level 3.1 Fighting
   Level 3.0 Short Blades
 + Level 3.6 Maces & Flails
   Level 4.4 Polearms
 + Level 1.3(2.0) Slings
 + Level 2.2(2.4) Throwing
 + Level 3.4 Dodging
 + Level 5.2 Stealth
   Level 1.0 Shields


You had 6 spell levels left.
You didn't know any spells.
Your spell library was empty.

Dungeon Overview and Level Annotations

Branches:
Dungeon (5/15)
 Temple: D:4-7

Altars:
Trog


Innate Abilities, Weirdness & Mutations

You cannot wear most types of armour.
You are very stealthy in the water. (Stealth+)
You are amphibious.
You can wear up to eight rings at the same time.
You can use your tentacles to constrict eight enemies at once.
Your skin changes colour to match your surroundings (Stealth+).
Your rubbery body absorbs attacks. (AC +1, EV +1)


Message History

Your Fighting skill increases to level 3!
The gnoll barely misses you.
The gnoll shouts!
A hound comes into view.
The hound barks!
You hear a bark!
The gnoll misses you.
You see here a jackal corpse.
A red film seems to cover your vision as you go berserk!
You feel yourself moving faster!
You feel mighty!
You are near starving!
The gnoll hits you from afar with a +0 halberd.
* * * LOW HITPOINT WARNING * * *
The gnoll closely misses you.
You hit the gnoll. You grab the gnoll. You squeeze the gnoll!
You kill the gnoll!
Trog accepts your kill. The hound bites you.
* * * LOW HITPOINT WARNING * * *
The gnoll hits you from afar with a +0 halberd!
You die...

...... ≈≈≈.. ≈≈.. ≈.. ..
#h ######
...###h#####....#####
.....g)@h..#........#
.#.#######.#........#
.................####
######.###.......##.. .
#.............##..
#.######.#.###.#.######..
#............#.#.# #..
#......h....##.#.# #..
..............#.#.# #..


You could see a hound, a gnoll and 2 jackals.

Vanquished Creatures
  The ghost of LaGuigne83 the Slasher, an amateur BaGl (D:3)
  A sky beast (D:5)
  A centaur (D:5)
  A crimson imp (D:4)
  A howler monkey (D:5)
  A centaur zombie (D:3)
  An orc priest (D:3)
  A bullfrog skeleton (D:4)
  A centaur skeleton (D:3)
  An iguana (D:5)
  A mummy (D:3)
  8 gnolls
  7 adders
  A shadow imp (D:5)
  An ooze (D:3)
  2 adder skeletons
  3 worms
  3 leopard geckos
  14 orcs
  A ball python (D:1)
  4 giant cockroaches
  8 goblins
  7 hobgoblins
  6 jackals (D:5)
  10 kobolds
  5 quokkas
  7 bats
  5 frilled lizards
  A jackal skeleton (D:5)
  7 rats
111 creatures vanquished.

Notes
Turn   | Place    | Note
-------+----------+-------------------------------------------
     0 | D:1      | Breghan the Octopode Wanderer began the quest for the Orb.
     0 | D:1      | Breghan set off with the following items: a +2 mace, a +0
                  | short sword, a potion of lignification, a ration
     0 | D:1      | Reached XP level 1. HP: 13/13 MP: 1/1
   316 | D:1      | Reached XP level 2. HP: 12/18 MP: 2/2
   992 | D:1      | You fall into a shaft and drop 1 floor!
  1334 | D:2      | Reached XP level 3. HP: 23/23 MP: 3/3
  1341 | D:2      | Reached skill level 1 in Stealth
  1913 | D:2      | Reached XP level 4. HP: 28/28 MP: 4/4
  1965 | D:2      | Reached skill level 1 in Slings
  2255 | D:2      | Found a faded altar of an unknown god.
  2264 | D:2      | Became a worshipper of Trog the Wrathful
  2264 | D:2      | Reached * piety under Trog
  2777 | D:3      | Found a transporter.
  2778 | D:3      | Noticed LaGuigne83's ghost (amateur BaGl)
  2780 | D:3      | Reached skill level 2 in Stealth
  2831 | D:3      | Found a transporter.
  2848 | D:3      | Reached XP level 5. HP: 34/34 MP: 5/5
  2850 | D:3      | Killed LaGuigne83's ghost
  2850 | D:3      | Reached skill level 3 in Stealth
  2850 | D:3      | Reached XP level 6. HP: 39/39 MP: 6/6
  3056 | D:3      | Reached ** piety under Trog
  3840 | D:4      | Reached skill level 4 in Stealth
  3842 | D:4      | Reached XP level 7. HP: 33/45 MP: 7/7
  4566 | D:5      | Entered Level 5 of the Dungeon
  5059 | D:5      | Reached skill level 5 in Stealth
  5269 | D:5      | Slain by a gnoll

Illustrated notes

Levels and vault maps discovered:
D:1:      dpeg_arrival_water_temple_mockup, layout_basic
D:2:      layout_basic, chequers_ecumenical_altar_simple_redux
D:3:      layout_loops_ring, gammafunk_ghost_mausoleum, minivault_5
D:4:      layout_basic
D:5:      lemuel_castle_with_subvaults [lemuel_castle_interior_carwin_1],
          layout_basic, portal_sewer_entry_d, first_ration

Skill      XL: |  1  2  3  4  5  6  7 |
---------------+----------------------+-----
Stealth        | 1 2 3 4 5 |  5.2
Maces & Flails | 3 |  3.6
Slings         | 1 |  1.3
Fighting       | 2 3 |  3.1
Polearms       | 2 3 4 |  4.4
Dodging        | 3 |  3.4
Throwing       | 2 |  2.2
Short Blades   | |  3.0
Shields        | |  1.0

Action                   |  1- 3 |  4- 6 |  7- 9 || total
-------------------------+-------+-------+-------++-------
Melee: Mace              |    53 |    16 |       ||    69
       Constrict         |    13 |    23 |    15 ||    51
       Tentacles         |     5 |    15 |    12 ||    32
       Halberd           |       |    84 |    47 ||   131
       Morningstar       |       |       |    20 ||    20
 Fire: Hunting sling     |     9 |     5 |     1 ||    15
Throw: Stone             |     7 |       |       ||     7
       Dart              |     8 |    11 |     4 ||    23
Invok: Berserk           |       |     5 |     2 ||     7
       Trog's Hand       |       |       |     1 ||     1
  Use: Scroll            |     1 |       |    11 ||    12
       Potion            |       |     1 |     2 ||     3
 Stab: Sleeping          |     8 |     8 |     6 ||    22
  Eat: Chunk             |     2 |    10 |     3 ||    15
       Ration            |       |       |     1 ||     1
Armor: Skin              |     2 |     5 |     3 ||    10
Dodge: Dodged            |    28 |    46 |    46 ||   120
Block: Other             |       |       |    20 ||    20
       Reflection        |       |       |     1 ||     1
